AoeStats
← infinityishan

Black Forest

510152876Analyzed
4v4 RM · 2d ago on Sep 29, 2026· 65m 7s· 8 players
Game mode
Random Map
Map size
Large (8 player)
Population
200
Speed
Normal
Resources
Standard
Victory
Conquest
Starting age
Dark Age
Ending age
Imperial Age
RankedLock teamsTeams togetherTeam positionsShared explorationLock speedFull tech treeHidden civsTurbo modeCheats
Victory
Defeat
🇨🇿 Turks · Czechia
703
+14
🇨🇿 Britons · Czechia
642
+16
🇮🇳 Byzantines · India
633
+21
🇮🇳 Teutons · India
626
+17
🇩🇪 Spanish · Germany
757
-20
🇦🇷 Saxons · Argentina
665
-17
🇳🇱 Khmer · Netherlands
631
-15
🇲🇽 Cumans · Mexico
526
-11
infinityishan
1:29 Loom
18:48 Feudal Age
21:13 Wheelbarrow
20:22 Horse Collar
20:30 Double-Bit Axe
27:24 Gold Mining
27:25 Stone Mining
29:55 Fishing Lines
32:25 Castle Age
33:07 Heavy Plow
33:26 Bow Saw
33:25 Scale Mail Armor
33:36 Forging
33:32 Scale Barding Armor
33:28 Padded Archer Armor
37:25 Gillnets
37:28 Man-at-Arms
37:54 Gambesons
38:43 Squires
38:29 Arson
41:04 Chain Mail Armor
40:35 Long Swordsman
44:27 Hand Cart
45:28 Iron Casting
45:38 Crossbowman
46:24 Thumb Ring
46:21 Crossbowman
47:07 Thumb Ring
51:33 Husbandry
50:56 Light Cavalry
52:00 Chain Barding Armor
51:56 Leather Archer Armor
51:31 Fletching
52:32 Thumb Ring
57:36 Imperial Age
55:07 Bodkin Arrow
57:57 Two-Handed Swordsman
59:30 Cavalier
61:43 Two-Man Saw
61:17 Crop Rotation
hangover
0:37 Loom
12:34 Feudal Age
13:07 Horse Collar
14:07 Double-Bit Axe
17:52 Gold Mining
17:52 Stone Mining
25:49 Castle Age
25:14 Man-at-Arms
25:40 Arson
27:22 Long Swordsman
27:48 Gambesons
35:56 Squires
40:47 Imperial Age
39:51 Heated Shot
40:21 Ballistics
42:29 Chemistry
43:54 Heavy Scorpion
45:13 Masonry
47:48 Heavy Plow
48:01 Bow Saw
48:31 Wheelbarrow
47:38 Pikeman
50:39 Elite Teutonic Knight
51:53 Halberdier
56:43 Ironclad
55:52 Cavalier
59:06 Paladin
64:01 Fortified Wall
_Varhan_
0:39 Loom
15:12 Feudal Age
15:52 Double-Bit Axe
27:49 Castle Age
29:38 Stone Mining
29:40 Gold Mining
33:20 Bow Saw
33:12 Treadmill Crane
37:02 Fortified Wall
36:44 Heated Shot
37:50 Horse Collar
40:35 Fletching
40:45 Padded Archer Armor
42:23 Wheelbarrow
46:23 Imperial Age
44:41 Caravan
44:43 Bodkin Arrow
45:03 Leather Archer Armor
44:48 Scale Mail Armor
45:47 Gold Shaft Mining
47:09 Yeomen
47:23 Hand Cart
47:11 Heavy Plow
48:14 Two-Man Saw
48:20 Chemistry
49:09 Conscription
48:53 Warwolf
48:32 Elite Longbowman
52:29 Ballistics
52:27 Leather Archer Armor
52:13 Bracer
53:38 Pikeman
54:18 Squires
56:06 Ring Archer Armor
55:54 Chain Mail Armor
55:49 Forging
56:26 Halberdier
61:14 Iron Casting
63:23 Hoardings
62:53 Murder Holes
63:10 Masonry
63:12 Siege Engineers
63:41 Plate Mail Armor
64:12 Blast Furnace
Pernik
2:36 Loom
11:37 Feudal Age
12:06 Town Watch
12:52 Double-Bit Axe
14:25 Horse Collar
14:44 Gold Mining
17:50 Fishing Lines
23:10 Castle Age
24:53 Gold Shaft Mining
26:06 Forging
26:11 Bow Saw
26:51 Stone Mining
33:21 Imperial Age
31:12 Heavy Plow
31:19 Gillnets
32:07 Ballistics
31:30 Treadmill Crane
32:36 Iron Casting
32:24 Scale Barding Armor
32:45 Man-at-Arms
33:22 Man-at-Arms
34:31 Parthian Tactics
34:09 Fletching
36:45 Wheelbarrow
36:14 Town Patrol
37:44 Husbandry
38:31 Bloodlines
39:41 Hand Cart
40:32 Blast Furnace
39:29 Bodkin Arrow
39:35 Padded Archer Armor
44:00 Thumb Ring
43:15 Heavy Cavalry Archer
44:30 Artillery
44:51 Sipahi
44:52 Conscription
45:27 Heated Shot
45:47 Fortified Wall
48:12 Caravan
48:43 Coinage
48:23 Guilds
49:25 Two-Man Saw
50:09 Long Swordsman
53:11 Bracer
53:27 Leather Archer Armor
53:32 Chain Barding Armor
58:07 Ring Archer Armor
58:13 Plate Barding Armor
57:43 Scale Mail Armor
Gordon93
15:15 Feudal Age
15:50 Horse Collar
16:31 Double-Bit Axe
20:48 Man-at-Arms
22:46 Wheelbarrow
21:58 Town Watch
25:16 Castle Age
24:14 Gold Mining
28:29 Fortified Wall
28:11 Heated Shot
30:20 Bow Saw
31:56 Hand Cart
31:28 Town Watch
31:51 Murder Holes
33:13 Town Patrol
33:57 Caravan
41:14 Imperial Age
39:40 Elite Skirmisher
43:19 Chemistry
43:10 Onager
46:10 Ballistics
45:18 Elite Ballista Elephant
45:59 Tusk Swords
46:21 Fletching
49:28 Light Cavalry
50:19 Bloodlines
50:10 Husbandry
57:15 Cavalier
57:19 Hussar
58:08 Double Crossbow
60:25 Conscription
61:05 Stone Mining
61:51 Gold Shaft Mining
61:36 Bodkin Arrow
63:21 Scale Barding Armor
Akatius
1:58 Loom
13:23 Feudal Age
18:15 Castle Age
17:12 Double-Bit Axe
17:08 Horse Collar
19:53 Bow Saw
23:27 Heavy Plow
24:42 Stone Mining
27:34 Wheelbarrow
27:20 Squires
29:52 Ballistics
29:35 Fletching
30:18 Gambesons
30:35 Padded Archer Armor
30:55 Caravan
30:46 Crossbowman
31:47 Gold Mining
32:19 Thumb Ring
35:59 Imperial Age
33:16 Town Watch
33:43 Masonry
34:02 Forging
33:43 Arson
33:56 Bodkin Arrow
34:42 Hand Cart
34:38 Elite Skirmisher
38:24 Conscription
38:42 Leather Archer Armor
38:27 Bracer
38:02 Capped Ram
39:22 Arbalester
40:33 Ring Archer Armor
39:36 Elite Hearth Troop
41:38 Theocracy
41:02 Siege Ram
42:26 Crop Rotation
41:59 Scale Mail Armor
43:22 Siege Engineers
44:43 Bloodlines
44:33 Husbandry
43:54 Light Cavalry
45:55 Hoardings
45:05 Hussar
46:13 Scale Barding Armor
47:29 Gold Shaft Mining
46:20 Shield Wall
46:36 Onager
48:40 Chain Mail Armor
48:47 Chain Barding Armor
49:03 Iron Casting
53:21 Architecture
53:38 Plate Mail Armor
58:13 Pikeman
58:49 Halberdier
61:34 Two-Man Saw
Kurwier2000
0:40 Loom
14:47 Feudal Age
15:39 Double-Bit Axe
16:40 Horse Collar
18:48 Padded Archer Armor
18:39 Fletching
20:19 Wheelbarrow
22:40 Castle Age
22:21 Stone Mining
22:53 Arson
23:50 Elite Skirmisher
25:22 Bow Saw
25:55 Gold Mining
26:46 Guard Tower
27:31 Gambesons
27:47 Squires
27:08 Pikeman
27:09 Man-at-Arms
28:32 Forging
28:23 Scale Mail Armor
33:07 Imperial Age
34:15 Scale Barding Armor
34:05 Bodkin Arrow
36:29 Hand Cart
35:59 Town Watch
36:55 Conscription
37:03 Ballistics
36:55 Masonry
37:05 Long Swordsman
39:27 Bracer
39:42 Leather Archer Armor
39:48 Chain Barding Armor
41:35 Ring Archer Armor
41:10 Halberdier
41:11 Two-Handed Swordsman
42:13 Capped Ram
42:18 Elite Conquistador
43:11 Onager
45:04 Caravan
45:35 Coinage
46:15 Thumb Ring
47:57 Chemistry
48:05 Hoardings
48:10 Fervor
48:41 Light Cavalry
49:39 Hussar
50:30 Bloodlines
50:37 Heavy Plow
51:16 Chain Barding Armor
60:55 Husbandry
60:15 Cavalier
62:03 Plate Barding Armor
61:36 Paladin
Dove
1:19 Loom
15:17 Feudal Age
15:59 Town Watch
15:57 Horse Collar
16:06 Double-Bit Axe
19:26 Wheelbarrow
21:12 Stone Mining
21:13 Gold Mining
28:47 Castle Age
29:24 Scale Barding Armor
29:20 Scale Mail Armor
29:31 Forging
29:12 Fletching
32:42 Town Patrol
32:46 Heavy Plow
33:02 Bow Saw
33:19 Ballistics
32:50 Heated Shot
33:12 Masonry
33:28 Chain Barding Armor
34:47 Murder Holes
35:31 Iron Casting
34:53 Bodkin Arrow
35:00 Padded Archer Armor
37:45 Capped Ram
39:39 Hand Cart
39:46 Chain Mail Armor
39:46 Leather Archer Armor
44:24 Elite Skirmisher
44:24 Crossbowman
45:10 Thumb Ring
45:56 Gold Shaft Mining
50:37 Imperial Age
50:51 Coinage
50:22 Caravan
52:29 Steppe Husbandry
56:23 Parthian Tactics
55:19 Heavy Cavalry Archer
59:25 Onager
62:42 Elite Kipchak
63:24 Cuman Mercenaries
Connection lost

Rejoining the realm…

Still unreachable

The connection could not be restored.

Session expired

The server has moved on; the page needs a fresh start.